Map: Blackpink LE

Players

FLORENCIO - Winner!

  • Race: Protoss Protoss
  • League: Diamond
  • Spawn Location: 7:00

cosima

  • Race: Zerg Zerg
  • League: Grandmaster
  • Spawn Location: 1:00

VOD

Have the link to the VOD?

Description

Time

  • Played on: Dec. 31, 2017, 9:48 p.m.
  • Length: 14:57
Show
View Real Time Build Order
Export as new Build Order

FLORENCIO Protoss - Winner!

Build Orders: Cannon Rush 

Get SALT Encoding   

  12  0:01  Probe  
  13  0:13  Probe  
  14  0:21  Pylon  
  14  0:25  Probe  
  15  0:39  Probe  
  16  0:44  Forge  
  16  0:51  Probe (Chrono Boost)  
  17  1:00  Probe (Chrono Boost)  
  18  1:05  Probe (Chrono Boost)  
  19  1:15  Pylon  
  19  1:17  Probe  
  20  1:27  Assimilator  
  20  1:29  Probe  
  20  1:30  Assimilator  
  21  1:33  Photon Cannon  
  21  1:44  Photon Cannon  
  21  1:46  Photon Cannon  
  21  1:53  Probe  
  22  2:02  Assimilator  
  22  2:06  Probe (Chrono Boost)  
  24  2:16  Probe (Chrono Boost)  
  25  2:23  Gateway  
  25  2:24  Probe (Chrono Boost)  
  25  2:29  Probe (Chrono Boost)  
  26  2:45  Nexus  
  26  2:51  Pylon  
  26  3:04  Photon Cannon  
  26  3:10  Cybernetics Core  
  26  3:17  Pylon  
  26  3:39  Probe  
  27  3:49  Assimilator  
  27  3:54  Stargate x2  
  27  3:57  Probe  
  27  4:00  Assimilator  
  27  4:01  Probe  
  29  4:09  Probe  
  30  4:18  Shield Battery  
  30  4:20  Photon Cannon  
  30  4:24  Probe (Chrono Boost)  
  31  4:29  Probe (Chrono Boost)  
  32  4:35  Photon Cannon  
  32  4:38  Shield Battery, Probe x2 (Chrono Boost)  
  34  4:48  Void Ray  
  38  5:00  Void Ray  
  41  5:19  Pylon  
  34  5:26  Pylon  
  35  5:38  Photon Cannon  
  35  5:41  Void Ray (Chrono Boost)  
  35  5:45  Void Ray (Chrono Boost)  
  39  5:57  Pylon  
  39  6:07  Forge  
  39  6:23  Void Ray (Chrono Boost)  
  42  7:08  Void Ray  
  46  7:12  Photon Cannon  
  46  7:13  Pylon  
  46  7:31  Void Ray  
  50  7:47  Fleet Beacon  
  50  7:49  Photon Cannon  
  54  8:26  Nexus  
  50  8:27  Probe  
  51  8:47  Pylon  
  51  8:52  Pylon  
  51  9:05  Tempest  
  56  9:32  Tempest  
  62  9:48  Tempest (Chrono Boost)  
  54  10:58  Probe (Chrono Boost)  
  56  11:07  Probe (Chrono Boost)  
  56  11:13  Probe  
  57  11:27  Gateway  
  57  11:30  Gateway  
  57  11:32  Gateway  
  57  11:34  Probe, Gateway  
  57  11:36  Probe  
  57  11:37  Pylon  
  59  11:46  Probe  
  60  11:48  Probe  
  61  11:58  Probe  
  61  12:00  Probe  
  63  12:25  Zealot  
  63  12:26  Zealot x3  
  71  12:31  Cybernetics Core  
  70  12:57  Zealot  
  70  12:58  Zealot x2  
  76  13:00  Probe (Chrono Boost)  
  76  13:02  Assimilator  
  76  13:05  Probe (Chrono Boost)  
  78  13:06  Assimilator  
  78  13:10  Probe (Chrono Boost)  
  80  13:12  Probe (Chrono Boost)  
  80  13:16  Probe (Chrono Boost)  
  81  13:50  Stalker x2  
  85  14:21  Stalker x2  
  85  14:29  Pylon  
  85  14:32  Pylon  
  85  14:34  Pylon  
Show
View Real Time Build Order
Export as new Build Order

cosima Zerg 

Build Orders: Hatch First, Roach Nydus 

Get SALT Encoding   

  12  0:01  Drone  
  13  0:12  Overlord  
  13  0:16  Drone  
  14  0:30  Drone x2  
  14  0:34  Drone  
  17  0:50  Drone  
  17  0:56  Hatchery  
  17  0:58  Drone  
  18  1:07  Extractor  
  17  1:13  Spawning Pool  
  17  1:16  Drone  
  17  1:20  Drone  
  18  1:29  Drone  
  19  1:39  Overlord  
  19  1:50  Drone  
  20  2:00  Queen, Zergling x2  
  24  2:15  Spine Crawler, Zergling x2  
  24  2:20  Roach Warren  
  24  2:22  Drone  
  24  2:35  Drone  
  25  2:47  Drone  
  25  2:49  Lair  
  25  2:51  Extractor  
  25  2:59  Overlord  
  25  3:09  Drone x2  
  25  3:10  Roach  
  29  3:14  Overlord  
  29  3:19  Roach  
  31  3:31  Roach  
  31  3:34  Ravager  
  34  3:41  Roach x3  
  40  3:48  Queen  
  42  4:03  Nydus Network, Overlord x2  
  41  4:16  Roach x2  
  41  4:17  Roach  
  45  4:24  Queen  
  47  4:35  Roach x2  
  51  4:43  Nydus Canal  
  51  4:51  Roach, Zergling x8  
  57  4:59  Queen  
  57  5:02  Roach  
  61  5:35  Overlord  
  60  5:37  Queen  
  61  5:56  Overlord  
  61  6:12  Roach x3  
  61  6:13  Roach  
  61  6:16  Roach x3  
  75  6:20  Roach  
  73  6:39  Roach x2  
  73  6:43  Roach  
  73  6:47  Roach x2  
  73  6:50  Queen  
  75  7:03  Spore Crawler  
  75  7:05  Spore Crawler  
  67  7:26  Queen  
  63  7:36  Hydralisk Den  
  54  7:55  Hatchery  
  52  8:02  Queen  
  53  8:08  Drone  
  53  8:09  Drone  
  53  8:10  Hydralisk  
  57  8:23  Hydralisk x2  
  61  8:31  Hydralisk  
  63  8:37  Queen  
  65  8:48  Hydralisk  
  65  8:49  Hydralisk  
  69  9:01  Drone x3  
  72  9:13  Queen  
  74  9:25  Hydralisk x2  
  74  9:26  Hydralisk  
  78  9:33  Hydralisk  
  80  9:50  Hydralisk x2  
  74  10:32  Hydralisk x2  
  74  10:33  Hydralisk x2  
  71  10:43  Hydralisk  
  71  10:49  Hydralisk x2  
  61  10:59  Hydralisk x2  
  55  11:05  Hydralisk x2  
  49  11:36  Hatchery  
  48  11:51  Hydralisk  
  48  11:56  Hydralisk  
  51  12:11  Hatchery  
  51  12:13  Overseer  
  48  12:19  Hydralisk  
  50  12:38  Hydralisk x4  
  56  12:56  Hydralisk  
  56  13:21  Hydralisk x2  
  54  13:37  Hydralisk  
  54  13:38  Hydralisk  
  56  14:23  Overlord x2  
Tags
 
Add a new tag
Caveats
  • Supply blocks, unpowered buildings, or Contaminate may cause inaccurate times.
  • Supply counts are checked every 10 seconds.